PBL
CAROLINA WARHOUNDS @ WASHINGTON NATIONALS
03/23/2071
 
TOP OF THE 1ST
Carolina Warhounds batting - Pitching for Washington Nationals : LHP Henry Summers
Pitching: LHP Henry Summers
Batting: RHB José Rijo 0-0: Swinging Strike
0-1: Ball
1-1: Ball
2-1: SINGLE (Line Drive, 8RS, EV 103.1 MPH)
Batting: LHB Christian Snow 0-0: Called Strike
0-1: Swinging Strike
0-2: Strikes out swinging
Batting: RHB Lee Turner 0-0: Foul Ball, location: 3F
0-1: Ball
1-1: Foul Ball, location: 3FF
1-2: Strikes out swinging
Batting: LHB Jesse Lane 0-0: Called Strike
0-1: Ball
1-1: Ball
2-1: Foul Ball, location: 25F
2-2: Ball
3-2: Strikes out swinging
Top of the 1st over - 0 runs, 1 hit, 0 errors, 1 left on base; Carolina 0 - Washington 0
BOTTOM OF THE 1ST
Washington Nationals batting - Pitching for Carolina Warhounds : LHP Jim Ferrer
Pitching: LHP Jim Ferrer
Batting: LHB Luis Morín 0-0: Called Strike
0-1: Swinging Strike
0-2: Ball
1-2: Ball
2-2: Foul Ball, location: 7LSF
2-2: Ball
3-2: Strikes out looking
Batting: RHB Shao-qi Ng 0-0: Ball
1-0: Ball
2-0: Ball
3-0: Called Strike
3-1: Base on Balls
Batting: RHB Francisco Lafrosia 0-0: Called Strike
0-1: Foul Ball, location: 7LMF
0-2: Ball
1-2: Fly out, F9 (Flyball, 9S, EV 85.0 MPH)
Batting: RHB Rusty Tucker 0-0: Called Strike
0-1: Called Strike
0-2: Ball
1-2: Foul Ball, location: 9LSF
1-2: Fly out, F9 (Flyball, 9D, EV 81.3 MPH)
Bottom of the 1st over - 0 runs, 0 hits, 0 errors, 1 left on base; Carolina 0 - Washington 0
TOP OF THE 2ND
Carolina Warhounds batting - Pitching for Washington Nationals : LHP Henry Summers
Batting: SHB Josh Johnston 0-0: Ball
1-0: Ground out 5-3 (Groundball, 5L, EV 102.5 MPH)
Batting: RHB David Reese 0-0: Called Strike
0-1: Foul Ball, location: 2F
0-2: SINGLE (Groundball, 56D, EV 103.1 MPH)
Batting: RHB Eric Brennan 0-0: Ball
1-0: Foul Ball, location: 9LDF
1-1: SINGLE (Groundball, 34D, EV 101.9 MPH)
David Reese to second
Runner from 2nd tries for 3rd, SAFE, no throw by RF
Batting: RHB Leonardo Canseco 0-0: Swinging Strike
0-1: Called Strike
0-2: Ball
1-2: Ball
2-2: Ball
3-2: Base on Balls
Eric Brennan to second
Batting: RHB Víctor Santana 0-0: Foul Ball, location: 2RF
0-1: DOUBLE (Flyball, 8RXD, EV 100.0 MPH)
David Reese scores
Eric Brennan scores
Leonardo Canseco to third
Runner from 3rd tries for Home, SAFE, no throw by CF
Batting: RHB José Rijo 0-0: Called Strike
0-1: Fly out, F6 (Popup, 6, EV 65.0 MPH)
Batting: LHB Christian Snow 0-0: Called Strike
0-1: Ball
1-1: Fly out, F2 (Popup, 25F, EV 81.3 MPH)
Top of the 2nd over - 3 runs, 3 hits, 0 errors, 1 left on base; Carolina 3 - Washington 0
BOTTOM OF THE 2ND
Washington Nationals batting - Pitching for Carolina Warhounds : LHP Jim Ferrer
Batting: RHB Logan O'Neill 0-0: Ball
1-0: Called Strike
1-1: Foul Ball, location: 2F
1-2: Ball
2-2: Foul Ball, location: 2F
2-2: Strikes out swinging
Batting: LHB Gabriel Chacón 0-0: Foul Ball, location: 5DF
0-1: Ball
1-1: Ball
2-1: Ball
3-1: Called Strike
3-2: Foul Ball, location: 2F
3-2: Base on Balls
Batting: RHB Gabriel Morán 0-0: Called Strike
0-1: Called Strike
0-2: Ball
1-2: SINGLE (Groundball, 6MD, EV 109.4 MPH)
Gabriel Chacón to second
Runner from 2nd tries for 3rd, SAFE, no throw by CF
Batting: RHB Richie Scott 0-0: Called Strike
0-1: SINGLE (Groundball, 34S, EV 61.9 MPH) (infield hit)
Gabriel Morán to second
Batting: RHB José García 0-0: Ball
1-0: Swinging Strike
1-1: Swinging Strike
1-2: Foul Ball, location: 5F
1-2: Ball
2-2: Foul Ball, location: 5FF
2-2: Ball
3-2: Foul Ball, location: 23F
3-2: Foul Ball, location: 2F
3-2: Grounds into double play, 5-4-3 (Groundball, 15, EV 85.0 MPH)
Bottom of the 2nd over - 0 runs, 2 hits, 0 errors, 2 left on base; Carolina 3 - Washington 0
TOP OF THE 3RD
Carolina Warhounds batting - Pitching for Washington Nationals : LHP Henry Summers
Batting: RHB Lee Turner 0-0: Called Strike
0-1: Swinging Strike
0-2: Ball
1-2: Strikes out swinging
Batting: LHB Jesse Lane 0-0: Called Strike
0-1: Ball
1-1: Foul Ball, location: 2F
1-2: Reached on error, E6 (Groundball, 4, EV 85.0 MPH)
Batting: SHB Josh Johnston 0-0: Ball
1-0: Foul Ball, location: 2F
1-1: Ball
2-1: Called Strike
2-2: Ground out 6-3 (Groundball, 4MD, EV 106.9 MPH)
Jesse Lane to second
Batting: RHB David Reese 0-0: Swinging Strike
0-1: Ball
1-1: Called Strike
1-2: Ground out U3 (Groundball, 34S, EV 87.5 MPH)
Top of the 3rd over - 0 runs, 0 hits, 1 error, 1 left on base; Carolina 3 - Washington 0
BOTTOM OF THE 3RD
Washington Nationals batting - Pitching for Carolina Warhounds : LHP Jim Ferrer
Batting: LHB Luis Morín 0-0: Fly out, F6 (Line Drive, 6MD, EV 68.1 MPH)
Batting: RHB Shao-qi Ng 0-0: Ball
1-0: Called Strike
1-1: Called Strike
1-2: Strikes out swinging
Batting: RHB Francisco Lafrosia 0-0: Ball
1-0: Ball
2-0: Reached on error, E6 (Groundball, 6, EV 85.6 MPH)
Batting: RHB Rusty Tucker 0-0: Called Strike
0-1: Ball
1-1: Swinging Strike
1-2: Foul Ball, location: 3SF
1-2: Ball
2-2: 2-RUN HOME RUN (Flyball, 9D, EV 99.4 MPH), Distance : 393 ft
Batting: RHB Logan O'Neill 0-0: Foul Ball, location: 2F
0-1: Called Strike
0-2: Ball
1-2: Strikes out swinging, 2-3 out at first.
Bottom of the 3rd over - 2 runs, 1 hit, 1 error, 0 left on base; Carolina 3 - Washington 2
TOP OF THE 4TH
Carolina Warhounds batting - Pitching for Washington Nationals : LHP Henry Summers
Batting: RHB Eric Brennan 0-0: Ball
1-0: Called Strike
1-1: SINGLE (Flyball, 89S, EV 93.1 MPH)
Batting: RHB Leonardo Canseco 0-0: Sac Bunt to 13S - play at first, batter OUT! 1-3
Eric Brennan to second
Batting: RHB Víctor Santana 0-0: DOUBLE (Line Drive, 89D, EV 106.3 MPH)
Eric Brennan scores
Pinch Hitting: RHB Ignacio Rivera 0-0: Ball
Wild Pitch!
Víctor Santana to third
1-0: Called Strike
1-1: Ball
2-1: SINGLE (Line Drive, 78M, EV 96.9 MPH)
Víctor Santana scores
Pitching: RHP Ned Nichols
Batting: LHB Christian Snow 0-0: Fielders Choice at 2nd, 4-6 (Groundball, 34, EV 97.5 MPH)
Batting: LHB Santiago Guillén 0-0: Ball
1-0: Fielders Choice at 2nd, 5-4 (Groundball, 56, EV 85.6 MPH)
Top of the 4th over - 2 runs, 3 hits, 0 errors, 1 left on base; Carolina 5 - Washington 2
BOTTOM OF THE 4TH
Washington Nationals batting - Pitching for Carolina Warhounds : LHP Jim Ferrer
Pitching: LHP Daniel Valad
Now in CF: John Pruitt
Batting: LHB Gabriel Chacón 0-0: Called Strike
0-1: Ball
1-1: SINGLE (Groundball, 3D, EV 105.0 MPH)
Batting: RHB Gabriel Morán 0-0: Called Strike
0-1: Foul Ball, location: 23F
0-2: Fly out, F7 (Flyball, 7, EV 95.0 MPH)
Batting: RHB Richie Scott 0-0: Foul Ball, location: 2F
0-1: Foul Ball, location: 3SF
0-2: Ball
1-2: Ball
2-2: Fielders Choice at 2nd, 5-4 (Groundball, 56, EV 83.8 MPH)
Batting: RHB José García 0-0: Called Strike
0-1: Called Strike
0-2: Ball
1-2: Ball
2-2: Ball
3-2: Ground out 6-3 (Groundball, P, EV 81.9 MPH)
Bottom of the 4th over - 0 runs, 1 hit, 0 errors, 1 left on base; Carolina 5 - Washington 2
TOP OF THE 5TH
Carolina Warhounds batting - Pitching for Washington Nationals : RHP Ned Nichols
Now at 3B: Juan Díaz
Now at SS: Richie Scott
Now in RF: Bailey Banks
Batting: LHB Jesse Lane 0-0: Swinging Strike
0-1: Ball
1-1: Swinging Strike
1-2: Fly out, F9 (Line Drive, 89M, EV 88.1 MPH)
Pinch Hitting: LHB Felipe Gómez 0-0: Ground out 4-3 (Groundball, 4, EV 85.6 MPH)
Pinch Hitting: LHB Carlos Vega 0-0: Ball
1-0: Ball
2-0: Foul Ball, location: 7LDF
2-1: Ground out 6-3 (Groundball, 6, EV 102.5 MPH)
Top of the 5th over - 0 runs, 0 hits, 0 errors, 0 left on base; Carolina 5 - Washington 2
BOTTOM OF THE 5TH
Washington Nationals batting - Pitching for Carolina Warhounds : LHP Daniel Valad
Pitching: LHP John Perry
Now at 3B: Peter Matthews
Now in RF: Felipe Gómez
Batting: LHB Luis Morín 0-0: Called Strike
0-1: Ball
1-1: Ball
2-1: Called Strike
2-2: Strikes out looking
Batting: RHB Shao-qi Ng 0-0: Swinging Strike
0-1: Foul Ball, location: 3F
0-2: Foul Ball, location: 2F
0-2: Ball
1-2: Strikes out swinging
Batting: RHB Francisco Lafrosia 0-0: Ball
1-0: Foul Ball, location: 9LSF
1-1: Ground out 6-3 (Groundball, 56, EV 90.0 MPH)
Bottom of the 5th over - 0 runs, 0 hits, 0 errors, 0 left on base; Carolina 5 - Washington 2
TOP OF THE 6TH
Carolina Warhounds batting - Pitching for Washington Nationals : RHP Ned Nichols
Now at 2B: Doug George
Pinch Hitting: SHB Jeffrey Kerr 0-0: Ground out U3 (Groundball, 34, EV 86.9 MPH)
Batting: RHB Leonardo Canseco 0-0: Fly out, F8 (Flyball, 8RS, EV 75.0 MPH)
Pinch Hitting: RHB Santiago Barbosa 0-0: Ball
1-0: Ball
2-0: Ball
3-0: Called Strike
3-1: Base on Balls
Batting: RHB John Pruitt 0-0: Called Strike
0-1: Called Strike
0-2: SINGLE (Groundball, 4D, EV 103.1 MPH)
Santiago Barbosa to second
Santiago Barbosa to third
Batting: LHB Christian Snow 0-0: Fly out, F7 (Flyball, 7D, EV 93.1 MPH)
Top of the 6th over - 0 runs, 1 hit, 0 errors, 2 left on base; Carolina 5 - Washington 2
BOTTOM OF THE 6TH
Washington Nationals batting - Pitching for Carolina Warhounds : LHP John Perry
Pitching: RHP Tim Lovu
Now at 2B: Jeffrey Kerr
Now at SS: Santiago Barbosa
Pinch Hitting: LHB Iemochi Sasaki 0-0: Called Strike
0-1: Called Strike
0-2: Fly out, F5 (Popup, 5F, EV 59.4 MPH)
Batting: LHB Bailey Banks 0-0: SINGLE (Groundball, 34D, EV 107.5 MPH)
Pinch Hitting: LHB Ed Randall 0-0: Ball
1-0: Swinging Strike
1-1: Foul Ball, location: 25F
1-2: Ball
2-2: Fly out, F8 (Flyball, 78S, EV 85.6 MPH)
Batting: RHB Juan Díaz 0-0: Ball
1-0: Ball
2-0: Ball
3-0: Base on Balls
Bailey Banks to second
Pinch Hitting: RHB Cisco Jiménez 0-0: Foul Ball, location: 2F
0-1: Ball
1-1: Called Strike
1-2: Ball
2-2: Strikes out swinging
Bottom of the 6th over - 0 runs, 1 hit, 0 errors, 2 left on base; Carolina 5 - Washington 2
TOP OF THE 7TH
Carolina Warhounds batting - Pitching for Washington Nationals : RHP Ned Nichols
Pitching: RHP Luis López
Now at 2B: Juan Díaz
Now at 3B: Aureliano Cervantes
Now at SS: Cisco Jiménez
Now in LF: Iemochi Sasaki
Batting: LHB Santiago Guillén 0-0: Ball
1-0: Ball
2-0: Fly out, F7 (Flyball, 78S, EV 86.9 MPH)
Batting: LHB Jesse Lane 0-0: Foul Ball, location: 5DF
0-1: Foul Ball, location: 2F
0-2: Ball
1-2: Ball
2-2: Strikes out swinging
Batting: LHB Felipe Gómez 0-0: Ball
1-0: Ball
2-0: Ball
3-0: Called Strike
3-1: Foul Ball, location: 7LSF
3-2: Strikes out swinging
Top of the 7th over - 0 runs, 0 hits, 0 errors, 0 left on base; Carolina 5 - Washington 2
BOTTOM OF THE 7TH
Washington Nationals batting - Pitching for Carolina Warhounds : RHP Tim Lovu
Pitching: RHP Gregg MacIntyre
Batting: RHB José García 0-0: Ball
1-0: Called Strike
1-1: Ball
2-1: Ball
3-1: Base on Balls
Pinch Hitting: LHB Rob de la Rosa 0-0: Foul Ball, location: 5F
0-1: Foul Ball, location: 3F
0-2: Foul Ball, location: 5DF
0-2: Ball
1-2: Ball
2-2: Fly out, F8 (Flyball, 8LD, EV 93.1 MPH)
Batting: LHB Kyle Lynch 0-0: Ball
1-0: Called Strike
1-1: Called Strike
1-2: Grounds out, U3 (Groundball, 3L, EV 81.3 MPH)
Batting: RHB Francisco Lafrosia 0-0: Ball
1-0: Called Strike
1-1: Foul Ball, location: 3SF
1-2: Ball
2-2: Foul Ball, location: 9LDF
2-2: SINGLE (Groundball, 56S, EV 70.6 MPH) (infield hit)
José García to third
Batting: LHB Iemochi Sasaki 0-0: Called Strike
0-1: Foul Ball, location: 7LSF
Pickoff Throw to First - Out! 1-3
Bottom of the 7th over - 0 runs, 1 hit, 0 errors, 1 left on base; Carolina 5 - Washington 2
TOP OF THE 8TH
Carolina Warhounds batting - Pitching for Washington Nationals : RHP Luis López
Pitching: RHP Iván Hernández
Now in LF: Rob de la Rosa
Now in CF: Iemochi Sasaki
Batting: RHB Peter Matthews 0-0: Called Strike
0-1: Called Strike
0-2: Ball
1-2: Foul Ball, location: 2F
1-2: Foul Ball, location: 2F
1-2: Strikes out swinging
Batting: SHB Jeffrey Kerr 0-0: Ball
1-0: Called Strike
1-1: Called Strike
1-2: Fly out, F7 (Flyball, 7LSF, EV 86.9 MPH)
Batting: RHB Leonardo Canseco 0-0: Swinging Strike
0-1: Ball
1-1: Foul Ball, location: 7LSF
1-2: Ball
2-2: SINGLE (Line Drive, 8RS, EV 110.0 MPH)
Batting: RHB Santiago Barbosa 0-0: Ball
1-0: Ball
2-0: Called Strike
2-1: Swinging Strike
2-2: Fly out, F7 (Line Drive, 78D, EV 99.4 MPH)
Top of the 8th over - 0 runs, 1 hit, 0 errors, 1 left on base; Carolina 5 - Washington 2
BOTTOM OF THE 8TH
Washington Nationals batting - Pitching for Carolina Warhounds : RHP Gregg MacIntyre
Pitching: LHP Dale Harmon
Batting: LHB Iemochi Sasaki 0-0: Ball
1-0: Ball
2-0: Called Strike
2-1: Foul Ball, location: 5F
2-2: Strikes out swinging
Batting: LHB Bailey Banks 0-0: Foul Ball, location: 3F
0-1: Foul Ball, location: 2F
0-2: Foul Ball, location: 23F
0-2: Ball
1-2: Ball
2-2: Fly out, F2 (Popup, 2R, EV 90.0 MPH)
Batting: RHB Aureliano Cervantes 0-0: Ground out 5-3 (Groundball, 5, EV 100.0 MPH)
Bottom of the 8th over - 0 runs, 0 hits, 0 errors, 0 left on base; Carolina 5 - Washington 2
TOP OF THE 9TH
Carolina Warhounds batting - Pitching for Washington Nationals : RHP Iván Hernández
Pitching: LHP Jeffery Paige
Batting: RHB John Pruitt 0-0: Foul Ball, location: 2F
0-1: Ball
1-1: Ground out U3 (Groundball, 34, EV 89.4 MPH)
Batting: LHB Christian Snow 0-0: Swinging Strike
0-1: Foul Ball, location: 2F
0-2: Strikes out swinging
Batting: RHB Adam Sharpe 0-0: Ball
1-0: Ball
2-0: SINGLE (Line Drive, 9S, EV 105.0 MPH)
Batting: LHB Jesse Lane 0-0: Foul Ball, location: 9LSF
0-1: Called Strike
0-2: Ball
1-2: Fly out, F7 (Line Drive, 7, EV 97.5 MPH)
Top of the 9th over - 0 runs, 1 hit, 0 errors, 1 left on base; Carolina 5 - Washington 2
BOTTOM OF THE 9TH
Washington Nationals batting - Pitching for Carolina Warhounds : LHP Dale Harmon
Pitching: RHP Don Harmon
Batting: RHB Juan Díaz 0-0: Ball
1-0: Called Strike
1-1: Fly out, F3 (Popup, 3SF, EV 75.0 MPH)
Batting: RHB Cisco Jiménez 0-0: Called Strike
0-1: Ball
1-1: Foul Ball, location: 2F
1-2: Foul Ball, location: 3DF
1-2: Foul Ball, location: 7LDF
1-2: Strikes out swinging
Pinch Hitting: RHB James Cantwell 0-0: SINGLE (Groundball, P, EV 88.1 MPH) (infield hit)
Batting: LHB Rob de la Rosa 0-0: Ball
1-0: Ball
2-0: Foul Ball, location: 9LSF
2-1: Called Strike
2-2: DOUBLE (Line Drive, 78D, EV 108.1 MPH)
James Cantwell to third
Batting: LHB Kyle Lynch 0-0: Called Strike
0-1: Ball
1-1: Ball
2-1: SINGLE (Line Drive, 4MD, EV 94.4 MPH)
James Cantwell scores
Rob de la Rosa to third
Batting: RHB Francisco Lafrosia 0-0: Called Strike
0-1: SINGLE (Groundball, 34D, EV 104.4 MPH)
Rob de la Rosa scores
Kyle Lynch to second
Runner from 2nd tries for 3rd, SAFE, throw by RF made to third
Batting: LHB Iemochi Sasaki 0-0: Called Strike
0-1: Foul Ball, location: 2F
0-2: Foul Ball, location: 2F
0-2: Foul Ball, location: 2F
0-2: Ball
1-2: Foul Ball, location: 7LMF
1-2: Fly out, F5 (Popup, 56S, EV 68.1 MPH)
Bottom of the 9th over - 2 runs, 4 hits, 0 errors, 2 left on base; Carolina 5 - Washington 4
Wednesday, April 3rd , 2024 - OOTP Baseball 24.10 Build 82